AoeStats
← Sonix

Hideout

508931905Analyzed
1v1 RM · 6d ago on Sep 24, 2026· 37m 36s· 2 players
Game mode
Random Map
Map size
Tiny (2 player)
Population
200
Speed
Normal
Resources
Standard
Victory
Conquest
Starting age
Dark Age
Ending age
Imperial Age
RankedLock teamsTeams togetherTeam positionsShared explorationLock speedFull tech treeHidden civsTurbo modeCheats
Victory
Defeat
🇪🇨 Romans · Ecuador
981
+17
🇨🇿 Burgundians · Czechia
1000
-51
Rey David
5:53 Loom
10:11 Feudal Age
16:09 Castle Age
14:45 Double-Bit Axe
14:45 Horse Collar
15:31 Man-at-Arms
19:44 Scale Mail Armor
23:05 Wheelbarrow
22:41 Pikeman
26:28 Long Swordsman
30:35 Hand Cart
32:26 Chain Mail Armor
34:08 Heavy Plow
34:15 Squires
34:32 Forging
37:24 Imperial Age
Sonix
10:59 Feudal Age
11:14 Wheelbarrow
11:29 Horse Collar
11:37 Double-Bit Axe
13:41 Hand Cart
15:46 Heavy Plow
18:26 Bow Saw
18:12 Gold Mining
18:33 Fletching
18:44 Padded Archer Armor
24:11 Castle Age
24:47 Scale Barding Armor
25:16 Cavalier
25:17 Light Cavalry
25:58 Husbandry
27:42 Two-Man Saw
27:16 Crop Rotation
35:41 Burgundian Vineyards
Connection lost

Rejoining the realm…

Still unreachable

The connection could not be restored.

Session expired

The server has moved on; the page needs a fresh start.